 Dungeon Crawl Stone Soup version 0.25-a0-549-g6e6e6501ad (webtiles) character file.

Game seed: 10704179228580149089, levelgen mode: deterministic

1 vurker the Gusty (level 1, 0/7 HPs)
             Began as a Felid Air Elementalist on Feb 23, 2020.
             Slain by a giant cockroach (1 damage)
             ... on level 1 of the Dungeon.
             The game lasted 00:00:23 (47 turns).

vurker the Gusty (Felid Air Elementalist)             Turns: 47, Time: 00:00:23

Health: 0/7        AC:  1    Str:  4    XL:     1   Next: 16%
Magic:  2/4        EV: 18    Int: 16    God:
Gold:   0          SH:  0    Dex: 16    Spells: 3/4 levels left
                                        Lives:  0   Deaths: 0

rFire    . . .     SeeInvis +   (weapon unavailable)
rCold    . . .     Gourm    .   (shield unavailable)
rNeg     . . .     Faith    .   (armour unavailable)
rPois    .         Spirit   .   (helmet unavailable)
rElec    .         Reflect  .   (cloak unavailable)
rCorr    .         Harm     .   (gloves unavailable)
MR       .....                  (boots unavailable)
Stlth    +++.......             (no amulet)
HPRegen  0.02/turn              (no ring)
MPRegen  0.09/turn              (no ring)

@: quick
A: very small, no armour, no weapons or thrown items, stealth, claws 1, fangs 3,
see invisible, carnivore, speed 1, shaggy fur 1, slow metabolism 1, sharp paws
a: no special abilities


You were on level 1 of the Dungeon.
You were not hungry.

You visited 1 branch of the dungeon, and saw 1 of its levels.

Inventory:

Comestibles
 e - a ration


   Skills:
 + Level 0.1 Fighting
 - Level 2.6 Dodging
 - Level 2.6 Stealth
 * Level 2.0 Spellcasting
 + Level 0.9 Conjurations
 * Level 2.7 Air Magic


You had 3 spell levels left.
You knew the following spells:

 Your Spells              Type           Power        Failure   Level  Hunger
a - Shock                 Conj/Air       #...         10%         1    #......

Your spell library contained the following spells:

 Spells                   Type           Power        Failure   Level  Hunger
 Swiftness                Chrm/Air       #.......     19%         2    ###....
 Static Discharge         Conj/Air       #.......     30%         3    ###....
 Airstrike                Air            ##........   56%         4    #####..
 Lightning Bolt           Conj/Air       #.........   95%         5    ######.


Dungeon Overview and Level Annotations

Branches:
Dungeon (1/15)

Altars:


Innate Abilities, Weirdness & Mutations

You cannot wear armour.
You are incapable of wielding weapons or throwing items.
Your paws allow you to move quietly. (Stealth)
You have sharp claws.
You have razor-sharp teeth.
You have supernaturally acute eyesight. (SInv)
You are carnivorous and can eat meat at any time.
You cover ground quickly.
You are covered in fur. (AC +1)
You have a slow metabolism.
Your sharp claws are effective at attacking unaware monsters.


Message History

e - a ration Welcome, vurker the Felid Air Elementalist.
It is said that the Orb of Zot exists deep within this dungeon.
Found a mace.
Found a staircase leading out of the dungeon.
You open the door.
There is an open door here.
As you open the door, it creaks loudly!
You hear a shout! x2
There is an open door here.
There is an open door here.
You open the door.
There is an open door here.
You open the door. 2 hobgoblins come into view.
The hobgoblin shouts!
There are monsters nearby!
The zap hits the hobgoblin. x2; The hobgoblin hits you.
The zap hits the hobgoblin.
The zap misses the hobgoblin.
The hobgoblin hits you.
Ouch! That really hurt!
* * * LOW HITPOINT WARNING * * *
There is an open door here.
The zap misses the hobgoblin.
The zap hits the hobgoblin.
Okay, then.
The zap hits the hobgoblin.
You kill the hobgoblin!
A giant cockroach comes into view.
The giant cockroach misses you. The giant cockroach bites you.
You die...

.## ## .###..########
#####.#
.#......#..@###.....#
...........s.......##
.......#####.......# .#
....####...####....#
....###'###.........###g.#
......'.'......<......#..#
....###'###......)..###..#
.####.....####...####....#
#.....###...#####g...####


You could see a giant cockroach and a hobgoblin.

Vanquished Creatures
  A hobgoblin (D:1)
1 creature vanquished.

Notes
Turn   | Place    | Note
-------+----------+-------------------------------------------
     0 | D:1      | vurker the Felid Air Elementalist began the quest for the
                  | Orb.
     0 | D:1      | Reached XP level 1. HP: 7/7 MP: 4/4
    47 | D:1      | Slain by a giant cockroach

Levels and vault maps discovered:
D:1:      elethiomel_arrival_infinity_welcomes_careful_drivers, layout_rooms,
          serial_curves, eino_curves_04, eino_curves_01, minmay_hexomino_p4

Action                   || total
-------------------------++-------
 Cast: Shock             ||     4
Dodge: Dodged            ||     1

Table legend:
 A = Non-vault XP
 B = Vault XP
 C = Vault XP percentage of total XP
 D = Non-vault monster count
 E = Vault monster count
 F = Vault count percentage of total count
                 A         B        C        D         E       F
            +---------+---------+-------+---------+---------+-------
      Total |       2 |       0 |   0.0 |       1 |       0 |   0.0
            +---------+---------+-------+---------+---------+-------
        D:1 |       2 |       0 |   0.0 |       1 |       0 |   0.0
            +---------+---------+-------+---------+---------+-------
